 Dungeon Crawl Stone Soup version 0.26-a0-284-g73c0fb6129 (webtiles) character file.

Game seed: 9493415605118273999

567 Niddhogr the Stinger (level 7, 38/46 HPs)
             Began as a Demonspawn Venom Mage on July 13, 2020.
             Quit the game on level 5 of the Dungeon.
             The game lasted 00:14:54 (4682 turns).

Niddhogr the Stinger (Demonspawn Venom Mage)        Turns: 4682, Time: 00:14:54

Health: 38/46      AC:  2    Str:  8    XL:     7   Next: 11%
Magic:  4/10       EV: 12    Int: 19    God:
Gold:   303        SH:  0    Dex: 13    Spells: 1/10 levels left

rFire    . . .     SeeInvis .   p - +2 short sword (protect)
rCold    . . .     Faith    .   (no shield)
rNeg     . . .     Spirit   .   a - +0 robe
rPois    .         Reflect  .   (no helmet)
rElec    .         Harm     .   (no cloak)
rCorr    .                      (no gloves)
MR       .....                  (no boots)
Stlth    ++........             b - amulet of magic regeneration
HPRegen  1.15/turn              (no ring)
MPRegen  0.37/turn              (no ring)

@: no status effects
A: hooves 2, powered by death 1, powered by pain 1
a: no special abilities


You were on level 5 of the Dungeon.
You visited 1 branch of the dungeon, and saw 5 of its levels.

You collected 303 gold pieces.

Inventory:

Hand Weapons
 p - a +2 short sword of protection (weapon)
 q - a +0 dagger of venom
 r - a +0 trident
Missiles
 Q - 99 arrows
Armour
 a - a +0 robe (worn)
 t - a cursed +0 ring mail
Jewellery
 b - an amulet of magic regeneration (around neck)
 h - an uncursed ring of teleportation
 j - an uncursed amulet of faith {Faith, !P}
Scrolls
 e - a scroll of immolation {!r}
 g - 3 scrolls of remove curse
 n - 2 scrolls of teleportation {unknown}
 s - 2 scrolls of fear {unknown}
 u - 2 scrolls of blinking {unknown}
Potions
 c - 4 potions of curing
 f - 2 potions of haste
 k - a potion of brilliance
 l - a potion of flight {unknown}
 m - 2 potions of lignification {!q}
 o - 2 potions of stabbing


   Skills:
 + Level 1.7 Short Blades
 - Level 2.6 Polearms
 - Level 1.7 Dodging
 - Level 1.7 Stealth
 - Level 2.0 Spellcasting
 - Level 2.1 Conjurations
 - Level 0.8 Transmutations
 - Level 2.0 Air Magic
 * Level 6.2 Poison Magic


You had one spell level left.
You knew the following spells:

 Your Spells              Type           Power        Failure   Level
a - Sting                 Tmut/Pois      ###.         4%          1
b - Poisonous Vapours     Pois/Air       ###...       4%          2
c - Ignite Poison         Fire/Tmut/Pois ##......     19%         3
x - Mephitic Cloud        Conj/Pois/Air  ###.....     12%         3

Your spell library contained the following spells:

 Spells                   Type           Power        Failure   Level
 Olgreb's Toxic Radiance  Pois           ####....     13%         4


Dungeon Overview and Level Annotations

Branches:
Dungeon (5/15)
 Temple: D:4-7

Altars:
Trog
Xom

Shops:
D:4 [


Innate Abilities, Weirdness & Mutations

You have hoof-like feet.
You regenerate a little health from kills.
You sometimes gain a little power by taking damage.


Message History

The ice beast freezes you.
You take 8 damage, and have 33/41 hp.
The spell is quite dangerous to cast (21% risk of failure)!
Continue anyway?
You ignite the poison in your surroundings!
The ice beast seems to burn from within!!!
You kill the ice beast!
Your Poison Magic skill increases to level 6!
You have reached level 7!
Your demonic ancestry asserts itself...
Your feet thicken and deform.
You regained 5 hp, and now have 38/46 hp.
You now have 4/10 mp.
Okay, then.
Unknown command.
Okay, then.
Quiver which item? (- for none, * to show all) (? for menu, Esc to quit)
Okay, then.
Unknown command.
Quiver which item? (- for none, * to show all) (? for menu, Esc to quit)
Okay, then.

#..# #..# #..#
#########..#
#......##..######
#......##..#....#
####......##..#.##.#
#.........'..>#.##.#
+##...@..##....##.#
........#.......##.#
........#.......##.#
........#.....<.'..#
........#...##.###.##
..#######..##...##..#
# #.##.....##.#
#.#.......#.#
#....._.....#


There were no monsters in sight!

Levels and vault maps discovered:
D:1:      psy_arrival_conway, layout_loops_ring
D:2:      layout_loops_cross
D:3:      kennysheep_slugbush, layout_rooms, xom_redecorated
D:4:      layout_loops_ring, serial_shops, kennysheep_mini
D:5:      layout_basic, lemuel_round_altar, elyvilon_altar_3, uniq_menkaure

Notes
Turn   | Place    | Note
-------+----------+-------------------------------------------
     0 | D:1      | Niddhogr the Demonspawn Venom Mage began the quest for the
                  | Orb.
     0 | D:1      | Reached XP level 1. HP: 13/13 MP: 3/3
    58 | D:1      | Identified a cursed -3 club
   154 | D:1      | Identified a +0 dagger
   299 | D:1      | Gained mutation: You sometimes gain a little power by
                  | taking damage. [demonic ancestry]
   299 | D:1      | Reached XP level 2. HP: 19/19 MP: 0/5
   359 | D:1      | Identified a +0 club
   402 | D:1      | Learned a level 2 spell: Poisonous Vapours
   418 | D:1      | Identified a +0 club
   418 | D:1      | Identified a +0 club
   693 | D:1      | Identified a +0 dagger
   695 | D:1      | Reached skill level 4 in Poison Magic
   697 | D:1      | Identified a +0 dagger
   956 | D:1      | Identified a +0 club
  1224 | D:2      | Gained mutation: You regenerate a little health from kills.
                  | [demonic ancestry]
  1224 | D:2      | Reached XP level 3. HP: 24/24 MP: 4/6
  1230 | D:2      | Identified a +0 spear (You found it on level 2 of the
                  | Dungeon)
  1252 | D:2      | Reached skill level 1 in Air Magic
  1273 | D:2      | Identified a cursed -2 robe (You found it on level 2 of the
                  | Dungeon)
  1273 | D:2      | Identified 3 scrolls of identify
  1273 | D:2      | Identified 2 scrolls of remove curse
  1286 | D:2      | Identified a +0 robe
  1323 | D:2      | Identified an uncursed amulet of magic regeneration (You
                  | found it on level 2 of the Dungeon)
  1325 | D:2      | Identified a +0 short sword
  1355 | D:2      | Learned a level 3 spell: Mephitic Cloud
  1362 | D:2      | Identified a +0 hand axe
  1538 | D:2      | Identified a +0 club
  1546 | D:2      | Identified 4 potions of curing
  1547 | D:2      | Identified 2 potions of haste
  1687 | D:2      | Identified a cursed +0 club
  1739 | D:2      | Identified a +0 club
  1759 | D:2      | Identified an uncursed amulet of faith (You found it on
                  | level 2 of the Dungeon)
  2059 | D:2      | Identified a scroll of immolation
  2300 | D:3      | Identified a +0 club
  2302 | D:3      | Reached skill level 1 in Polearms
  2302 | D:3      | Gained mutation: You have large cloven feet. [demonic
                  | ancestry]
  2302 | D:3      | Reached XP level 4. HP: 8/30 MP: 3/7
  2304 | D:3      | HP: 5/30 [hobgoblin/+0 club (4)]
  2313 | D:3      | Reached skill level 2 in Air Magic
  2533 | D:3      | Identified a +0 flail
  2538 | D:3      | Identified a +0 club
  2539 | D:3      | Identified a +0 short sword
  2539 | D:3      | Identified a +0 leather armour
  2541 | D:3      | Identified a +0 whip
  2546 | D:3      | Reached skill level 1 in Conjurations
  2586 | D:3      | Identified a potion of brilliance
  2661 | D:3      | Identified a +0 dagger
  2788 | D:3      | Found a shimmering altar of Xom.
  2795 | D:3      | Found a shimmering altar of Xom.
  2796 | D:3      | Found a shimmering altar of Xom.
  2796 | D:3      | Found a shimmering altar of Xom.
  2796 | D:3      | Found a shimmering altar of Xom.
  2802 | D:3      | Found a shimmering altar of Xom.
  2823 | D:3      | Identified a +2 short sword of protection (You found it on
                  | level 3 of the Dungeon)
  2842 | D:3      | Reached skill level 2 in Conjurations
  2842 | D:3      | Reached XP level 5. HP: 35/35 MP: 4/8
  3013 | D:3      | Reached skill level 2 in Polearms
  3416 | D:4      | Reached XP level 6. HP: 28/41 MP: 9/9
  3524 | D:4      | Identified a +0 dagger of venom (You found it on level 4 of
                  | the Dungeon)
  3556 | D:4      | Found Piroidad's Armour Boutique.
  3561 | D:4      | Learned a level 3 spell: Ignite Poison
  3568 | D:4      | Identified a +0 hand axe
  3568 | D:4      | Identified a +0 flail
  3568 | D:4      | Identified a +0 mace
  3568 | D:4      | Identified a +0 leather armour
  3569 | D:4      | Identified a +0 mace
  3608 | D:4      | Reached skill level 5 in Poison Magic
  3629 | D:4      | Identified a ring of teleportation (You found it on level 4
                  | of the Dungeon)
  3699 | D:4      | Identified a +0 leather armour
  3834 | D:4      | Identified 2 potions of lignification
  4200 | D:4      | Identified 3 scrolls of random uselessness
  4201 | D:4      | Identified 2 potions of stabbing
  4312 | D:5      | Entered Level 5 of the Dungeon
  4590 | D:5      | Noticed an ice beast
  4596 | D:5      | Killed an ice beast
  4596 | D:5      | Reached skill level 1 in Short Blades
  4633 | D:5      | Found a bloodstained altar of Trog.
  4674 | D:5      | Noticed an ice beast
  4681 | D:5      | Killed an ice beast
  4681 | D:5      | Reached skill level 6 in Poison Magic
  4681 | D:5      | Gained mutation: You have hoof-like feet. [demonic
                  | ancestry]
  4681 | D:5      | Reached XP level 7. HP: 37/46 MP: 4/10
  4682 | D:5      | Quit the game

Table legend:
 A = Turns spent in this place as a percentage of turns spent in the entire game.
 B = Non-inter-level travel turns spent in this place as a percentage of non-inter-level travel turns spent in the entire game.
 C = Inter-level travel turns spent in this place as a percentage of turns spent in this place.
 D = Turns resting spent in this place as a percentage of non-inter-level travel turns spent in this place.
 E = Turns spent auto-exploring this place as a percentage of non-inter-level travel turns spent in this place.
 F = Non-inter-level travel turns spent in this place divided by the number of levels of this place that you've seen.
                   A       B       C       D       E      F
               +-------+-------+-------+-------+-------+----------------------
         Total | 100.0 | 100.0 |   2.0 |   0.6 |  82.1 | 918.0
       Dungeon | 100.0 | 100.0 |   2.0 |   0.6 |  82.1 | 918.0
               +-------+-------+-------+-------+-------+----------------------

Table legend:
 A = Kills in this place as a percentage of kills in entire the game.
 B = Kills by you in this place as a percentage of kills by you in the entire game.
 C = Kills by friends in this place as a percentage of kills by friends in the entire game.
 D = Other kills in this place as a percentage of other kills in the entire game.
 E = Experience gained in this place as a percentage of experience gained in the entire game.
 F = Experience gained in this place divided by the number of levels of this place that you have seen.
                   A       B       C       D       E      F
               +-------+-------+-------+-------+-------+----------------------
         Total | 100.0 | 100.0 |   N/A |   N/A | 100.0 | 162.2
       Dungeon | 100.0 | 100.0 |   N/A |   N/A | 100.0 | 162.2
               +-------+-------+-------+-------+-------+----------------------

Skill      XL: |  1  2  3  4  5  6 |
---------------+-------------------+-----
Poison Magic   | 4 6 |  6.2
Air Magic      | 1 2 |  2.0
Polearms       | 1 2 |  2.6
Conjurations   | 2 |  2.1
Short Blades   | 1 |  1.7
Dodging        | |  1.7
Stealth        | |  1.7
Spellcasting   | |  2.0
Transmutations | |  0.8

Action                   |  1- 3 |  4- 6 |  7- 9 || total
-------------------------+-------+-------+-------++-------
Melee: Unarmed           |     4 |       |       ||     4
       Dagger            |    37 |    49 |       ||    86
       Spear             |    62 |    37 |       ||    99
       Kick              |       |    28 |       ||    28
       Short sword       |       |    38 |       ||    38
 Cast: Sting             |    36 |     9 |       ||    45
       Poisonous Vapours |    18 |    38 |       ||    56
       Ignite Poison     |       |     1 |     1 ||     2
  Use: Scroll            |     5 |     5 |       ||    10
       Potion            |       |     1 |       ||     1
 Stab: Sleeping          |     4 |     1 |       ||     5
Armor: Robe              |    12 |    20 |       ||    32
Dodge: Dodged            |    63 |    75 |       ||   138

Vanquished Creatures
  2 ice beasts (D:5)
  A scorpion (D:4)
  A bullfrog zombie (D:5)
  A centaur skeleton (D:3)
  An iguana (D:4)
  2 worker ants
  A hound skeleton (D:4)
  6 adders
  4 worms
  8 dart slugs
  4 leopard geckos
  11 orcs
  2 giant cockroaches
  8 goblins
  6 hobgoblins
  6 jackals
  9 kobolds
  3 quokkas
  A ball python (D:3)
  6 bats
  6 frilled lizards
  A quokka skeleton (D:4)
  9 rats
99 creatures vanquished.
